 Dungeon Crawl Stone Soup version 0.19.3-4-gbf9329e (webtiles) character file.

1545 Gargoyl the Covered (level 8, -1/69 HPs)
             Began as a Ghoul Abyssal Knight on Jan 27, 2017.
             Was a Priest of Lugonu.
             Slain by a killer bee (6 damage)
             ... on level 6 of the Dungeon.
             The game lasted 00:12:07 (5764 turns).

Gargoyl the Covered (Ghoul Abyssal Knight)          Turns: 5764, Time: 00:12:09

Health: -1/69      AC: 14    Str: 16    XL:     8   Next: 87%
Magic:  10/10      EV:  7    Int:  7    God:    Lugonu [***...]
Gold:   353        SH:  0    Dex: 10    Spells: 0 memorised, 7 levels left

rFire  . . .     SeeInvis .     d - +0 demon blade (freeze)
rCold  + . .     Gourm    .     e - +3 chain mail
rNeg   + + +     Faith    .     (no shield)
rPois  ∞         Spirit   .     (no helmet)
rElec  .         Reflect  .     B - +0 cloak
rCorr  .         Harm     .     (no gloves)
MR     .....                    (no boots)
Stlth  ..........               (no amulet)
                                (no ring)
                                (no ring)

@: flying, rotting
A: rotting body, claws 1, carnivore 3, cold resistance 1, negative energy
resistance 3, slow regeneration 1, torment resistance, unbreathing
a: Depart the Abyss, Bend Space, Banish, Renounce Religion


You were on level 6 of the Dungeon.
You worshipped Lugonu.
Lugonu was most pleased with you.
You were not hungry.

You visited 1 branch of the dungeon, and saw 7 of its levels.
You visited the Abyss 1 time.

You collected 353 gold pieces.

Inventory:

Hand Weapons
 a - a +1 hand axe
 d - a +0 demon blade of freezing (weapon)
 y - a +1 vampiric spear
Armour
 e - a +3 chain mail (worn)
 B - a +0 cloak (worn)
Wands
 u - a wand of iceblast (11/15)
 w - a wand of flame (9/48)
 C - a wand of lightning (9/15)
Scrolls
 g - 6 scrolls of identify
 h - a scroll of magic mapping {unknown}
 k - a scroll of blinking {unknown}
 m - 2 scrolls of recharging {unknown}
 n - 2 scrolls of fear {unknown}
 p - 8 scrolls of remove curse {unknown}
 q - a scroll of amnesia {unknown}
 r - a scroll of teleportation {unknown}
 A - a scroll of enchant armour {unknown}
Potions
 b - 2 potions of flight
 c - 2 potions of ambrosia {unknown}
 f - 3 potions of invisibility {unknown}
 i - 2 potions of curing {unknown}
 j - a potion of degeneration {unknown}
 o - a potion of lignification {unknown}
 s - a potion of heal wounds {unknown}
 z - 2 potions of brilliance {unknown}
 D - a potion of resistance {unknown}
Books
 E - a book of Maledictions

   Spells                             Type                      Level
   a - Corona                         Hexes                        1
   b - Ensorcelled Hibernation        Hexes/Ice                    2
   c - Confuse                        Hexes                        3
   d - Tukima's Dance                 Hexes                        3
   e - Dazzling Spray                 Conjuration/Hexes            3
Comestibles
 l - a royal jelly
 t - 2 beef jerkies
 v - 3 meat rations
 x - a slice of pizza


   Skills:
 + Level 5.4 Fighting
 + Level 4.9 Long Blades
 + Level 1.9(2.3) Axes
 + Level 2.0(2.3) Polearms
 * Level 6.0 Armour
 + Level 1.6 Dodging
 * Level 4.9 Invocations


You had 7 spell levels left.
You didn't know any spells.

Dungeon Overview and Level Annotations

Branches:
Dungeon (7/15)             Temple (0/1) D:4

Altars:


Innate Abilities, Weirdness & Mutations

Your body is rotting away.
You thrive on raw meat.
You are immune to poison.
You have sharp fingernails.
You are carnivorous and can eat meat at any time.
Your flesh is cold resistant. (rC+)
You are immune to negative energy. (rN+++)
You regenerate slowly when monsters are visible.
You are immune to unholy pain and torment.
You can survive without breathing.


Message History

The killer bee stings you.
* * * LOW HITPOINT WARNING * * *
You miss the killer bee. The killer bee closely misses you. x2
The killer bee stings you.
* * * LOW HITPOINT WARNING * * *
The orc hits you from afar with a trident.
* * * LOW HITPOINT WARNING * * *
The orc wizard gestures wildly while chanting.
The orc wizard blinks!
The killer bee stings you but does no damage.
The killer bee stings you.
* * * LOW HITPOINT WARNING * * *
Okay, then.
It was a potion of flight.
You feel very buoyant.
You fly up into the air.
The killer bee stings you.
* * * LOW HITPOINT WARNING * * *
The killer bee stings you but does no damage.
The orc hits you but does no damage. The killer bee stings you.
You die...

.##...####
#...............####
.##...##
#...............##
.###...#
##..........##...###
## #...##
#.....o....####...###
# ##...# ##.........#
#...... # ##..##
#........## #..#...
#...# ##ooo..###
#..#### ##..##
##yyo## #..# # #...#
#@### #####..##
##..## ###
###..##...### #...#
##.....#.....# ##..##
#............. #...#
##.......#.... ##..#
#.<.....##... ##.#
#####.####### ### ###


You could see 2 killer bees, 2 orc wizards and 3 orcs.

Vanquished Creatures
  Duvessa (D:4)
  A sky beast (D:6)
  An ice beast (D:5)
  2 centaurs (D:5)
  2 bullfrogs (D:6)
  Dowan (D:4)
  2 scorpions
  A killer bee (D:6)
  A crimson imp (D:4)
  4 hounds
  6 orc wizards
  An orc priest (D:3)
  2 jellies (D:6)
  2 iguanas
  3 worker ants
  A hound zombie (D:5)
  12 adders
  4 gnolls (D:4)
  A shadow imp (D:6)
  An ooze (D:1)
  3 dart slugs
  2 worms (D:4)
  2 leopard geckos
  10 orcs
  7 bats
  5 giant cockroaches
  5 goblins
  9 hobgoblins
  2 jackals (D:1)
  A quokka (D:6)
  2 ball pythons
  3 frilled lizards
  5 kobolds
  A leopard gecko skeleton (D:6)
  6 rats
112 creatures vanquished.

Vanquished Creatures (others)
  An orc wizard (D:5)
1 creature vanquished.

Grand Total: 113 creatures vanquished

Notes
Turn   | Place    | Note
-------+----------+-------------------------------------------
     0 | Abyss:1  | Gargoyl the Ghoul Abyssal Knight began the quest for the Orb.
     0 | Abyss:1  | Reached XP level 1. HP: 19/19 MP: 1/1
   158 | Abyss:2  | Noticed an ancient zyme
   163 | Abyss:2  | Noticed a large abomination
   166 | D:1      | Escaped the Abyss
   333 | D:1      | Reached skill level 2 in Armour
   354 | D:1      | Reached skill level 1 in Dodging
   354 | D:1      | Reached XP level 2. HP: 26/26 MP: 2/2
   485 | D:1      | Reached * piety under Lugonu
   630 | D:1      | Reached XP level 3. HP: 28/31 MP: 3/3
  1090 | D:2      | Reached skill level 1 in Long Blades
  1115 | D:2      | Reached XP level 4. HP: 40/40 MP: 4/4
  1193 | D:2      | Found a faded altar of an unknown god.
  1817 | D:3      | Reached skill level 3 in Armour
  1826 | D:3      | Reached XP level 5. HP: 34/46 MP: 6/6
  1829 | D:3      | Reached ** piety under Lugonu
  2208 | D:3      | Reached XP level 6. HP: 26/53 MP: 7/7
  2990 | D:4      | Reached skill level 4 in Armour
  3009 | D:4      | Reached XP level 7. HP: 51/60 MP: 8/8
  3090 | D:4      | Found a staircase to the Ecumenical Temple.
  3123 | D:4      | Noticed Duvessa
  3124 | D:4      | Noticed Dowan
  3209 | D:4      | Killed Duvessa
  3209 | D:4      | Reached skill level 1 in Polearms
  3214 | D:4      | Killed Dowan
  3548 | D:4      | You fall through a shaft!
  3548 | D:5      | Entered Level 5 of the Dungeon
  3626 | D:5      | Reached skill level 5 in Fighting
  4464 | D:5      | Reached XP level 8. HP: 58/65 MP: 10/10
  4473 | D:5      | Reached skill level 5 in Armour
  5431 | D:6      | Reached *** piety under Lugonu
  5486 | D:6      | Reached skill level 6 in Armour
  5764 | D:6      | Slain by a killer bee

Skill      XL: |  1  2  3  4  5  6  7  8 |
---------------+-------------------------+-----
Armour         | 2 3 4 6 |  6.0
Dodging        | 1 |  1.6
Long Blades    | 1 2 3 4 |  4.9
Fighting       | 4 5 |  5.4
Invocations    | 3 4 |  4.9
Polearms       | 2 |  2.0
Axes           | |  1.9

Action                   |  1- 3 |  4- 6 |  7- 9 || total
-------------------------+-------+-------+-------++-------
Melee: Demon blade       |   156 |   204 |   165 ||   525
       Spear             |       |    67 |    63 ||   130
Invok: Depart the Abyss  |     1 |       |       ||     1
       Bend Space        |       |       |     2 ||     2
  Use: Scroll            |       |     1 |       ||     1
       Potion            |       |       |     1 ||     1
  Eat: Chunk             |    19 |    22 |    25 ||    66
       Meat ration       |       |     1 |       ||     1
Armor: Leather armour    |     3 |       |       ||     3
       Chain mail        |   113 |   228 |   222 ||   563
Dodge: Dodged            |    67 |   130 |    98 ||   295
       Rpst.: Demon blade |    16 |    34 |    30 ||    80
